 Dungeon Crawl Stone Soup version 0.29.1-4-g47bece8355 (webtiles) character file.

Game seed: 1167204107087096990

37 KittyFluff the Trooper (level 3, 0/36 HPs)
             Began as a Gargoyle Berserker on Dec 3, 2022.
             Was a Follower of Trog.
             Slain by Sigmund
             ... wielding a +3 vorpal scythe
              (11 damage)
             ... on level 2 of the Dungeon.
             The game lasted 00:08:28 (1625 turns).

KittyFluff the Trooper (Gargoyle Berserker)         Turns: 1625, Time: 00:08:29

Health: 0/36       AC:  6    Str: 22    XL:     3   Next: 39%
Magic:  3/3        EV: 12    Int: 13    God:    Trog [*.....]
Gold:   85         SH:  0    Dex: 15    Spells: 2/2 levels left

rFire   . . .      SeeInvis .   r - +0 flail (holy)
rCold   . . .      Faith    .   (no shield)
rNeg    + . .      Spirit   .   b - +0 animal skin
rPois   ∞          Reflect  .   (no helmet)
rElec   +          Harm     .   (no cloak)
rCorr   .          Rampage  .   p - +0 pair of gloves
Will    .....                   (no boots)
Stlth   ..........              (no amulet)
HPRegen 0.12/turn               f - +6 ring of dexterity
MPRegen 0.08/turn               k - +6 ring of intelligence

@: berserking, very quick
A: sickness immunity, AC +3, negative energy resistance 1, electricity
resistance, torment resistance 1, petrification resistance
a: Renounce Religion, Berserk


You were on level 2 of the Dungeon.
You worshipped Trog.
Trog was aware of your devotion.
You visited 1 branch of the dungeon, and saw 2 of its levels.

You collected 85 gold pieces.

Inventory:

Hand Weapons
 a - a +0 mace
 m - a +0 sling
 r - a +0 flail of holy wrath (weapon)
Missiles
 e - 32 stones (quivered)
Armour
 b - a +0 animal skin (worn)
 p - a +0 pair of gloves (worn)
 s - a +0 leather armour
Magical Staves
 g - a staff of conjuration
Jewellery
 f - a +6 ring of dexterity (left hand)
 k - a +6 ring of intelligence (right hand)
Scrolls
 c - 3 scrolls of identify {unknown}
 j - a scroll of teleportation {unknown}
 l - a scroll of enchant weapon {unknown}
 n - a scroll of poison {unknown}
 q - 3 scrolls of fog {unknown}
Potions
 d - 3 potions of curing {unknown}
 h - a potion of lignification {unknown}
 i - a potion of heal wounds {unknown}
 o - a potion of mutation {unknown}


   Skills:
 + Level 3.7 Fighting
 + Level 3.4 Maces & Flails
 + Level 0.1 Ranged Weapons
 * Level 2.6 Armour
 + Level 1.8 Dodging
 + Level 0.6 Stealth


You had 2 spell levels left.
You didn't know any spells.
Your spell library was empty.

Dungeon Overview and Level Annotations

Branches:
Dungeon (2/15)

Altars:

Annotations:
D:2 Sigmund


Innate Abilities, Weirdness & Mutations

You are immune to sickness and miasma.
Your stone body is resilient. (AC +3)
You are immune to poison.
You resist negative energy. (rN+)
You are resistant to electric shocks. (rElec)
You are resistant to unholy torment.
You are immune to petrification.


Message History

The hobgoblin closely misses you.
You hit the hobgoblin.
You kill the hobgoblin!
Trog accepts your kill.
You climb downwards.
Level annotation: Sigmund Sigmund looks at you with fury.
There is a stone staircase leading up here.
Your +0 flail of holy wrath stops glowing.
m - a +0 sling (weapon)
Fire: m) +0 sling
Press: ? - help, Q - select action, (/) - cycle Shift-Dir - straight line, f - Sigmund
Aim: Sigmund, wielding a +3 vorpal scythe and wearing a +0 robe (52% to hit)
You shoot a sling bullet. The sling bullet hits Sigmund.
Sigmund is lightly wounded.
Fire: m) +0 sling
Press: ? - help, Q - select action, (/) - cycle Shift-Dir - straight line, f/p - Sigmund
Aim: Sigmund, wielding a +3 vorpal scythe and wearing a +0 robe (lightly wounded, 52% to hit)
You shoot a sling bullet.
The sling bullet closely misses Sigmund.
Sigmund casts a spell.
Sigmund flickers and vanishes!
Deactivating autopickup; reactivate with Ctrl-A.
Fire: m) +0 sling
Press: ? - help, Q - select action, (/) - cycle Shift-Dir - straight line You shoot a sling bullet.
Fire: m) +0 sling
Press: ? - help, Q - select action, (/) - cycle Shift-Dir - straight line You shoot a sling bullet.
Something hits you.
Your +0 flail of holy wrath softly glows with a divine radiance!
r - a +0 flail of holy wrath (weapon)
Something hits you.
A red film seems to cover your vision as you go berserk!
You feel yourself moving faster!
You feel mighty!
You feel a strong urge to attack something.
Something hits you!
You barely miss something. You closely miss something. Something hits you!
You die...

...........#.#...#####..#..#.....
.#.###.....#.#...#####..#....###.
.....#.#................#....# #.
.#.#.#.#####........###......###.
.#...#.#####........##...........
.#.#............)...##...........
.#.######.##........##.......###.
...# #.##....<...##..#..#####.
.#.# #.##....@...##..#........
.#.######.##....{...##..#.######.
.#.#...##...........##.......<...
##.#........#.......##.#########.
#..........#.......##.. ....
####........#....)..##.. ###.
.....##.....#.......##. #.
............##......... #.
.....#.#.......##...... ..


There were no monsters in sight!

Vanquished Creatures
  2 ball pythons (D:1)
  2 endoplasms
  2 giant cockroaches
  7 goblins
  7 hobgoblins
  A quokka (D:1)
  3 bats
  6 frilled lizards
  A kobold (D:1)
  2 rats (D:1)
33 creatures vanquished.

Notes
Turn   | Place    | Note
-------+----------+-------------------------------------------
     0 | D:1      | KittyFluff the Gargoyle Berserker began the quest for the
                  | Orb.
     0 | D:1      | Reached XP level 1. HP: 14/14 MP: 1/1
   184 | D:1      | Reached XP level 2. HP: 19/19 MP: 2/2
   809 | D:1      | Reached XP level 3. HP: 24/24 MP: 3/3
  1542 | D:2      | Noticed Sigmund
  1625 | D:2      | Slain by Sigmund

Illustrated notes

Levels and vault maps discovered:
D:1:      dpeg_arrival_tiny_h, layout_basic
D:2:      layout_basic, uniq_sigmund

Action                   || total
-------------------------++-------
Melee: Mace              ||    60
       Punch             ||     1
       Flail             ||     9
 Fire: Sling             ||    27
Throw: Stone             ||     1
Invok: Berserk           ||     1
 Stab: Sleeping          ||     3
Armor: Animal skin       ||    25
Dodge: Dodged            ||    54
